 Dungeon Crawl Stone Soup version 0.30.1-4-g462c640d31 (webtiles) character file.

Game seed: 11067872474483071403

432 ChiefBigBeans the Shooter (level 7, -1/43 HPs)
             Began as a Tengu Hunter on Sept 5, 2023.
             Slain by a gnoll
             ... wielding a +0 halberd
              (8 damage)
             ... on level 4 of the Dungeon.
             The game lasted 00:05:19 (2708 turns).

ChiefBigBeans the Shooter (Tengu Hunter)            Turns: 2708, Time: 00:05:20

Health: -1/43      AC: 11    Str: 11    XL:     7   Next: 0%
Magic:  8/8        EV:  8    Int: 10    God:
Gold:   228        SH:  0    Dex: 19    Spells: 6/6 levels left

rFire   . . .        a - +0 shortbow
rCold   + . .        (shield currently unavailable)
rNeg    . . .        k - +1 chain mail
rPois   .            e - +2 hat
rElec   .            (no cloak)
rCorr   .            (no gloves)
SInv    .            (boots unavailable)
Will    +....        p - amulet of magic regeneration Stlth
                     h - ring of protection from cold
HPRegen 0.27/turn    v - ring of willpower
MPRegen 0.51/turn

%: no passive effects
@: flying quickly and evasively, quick
A: beak, talons 3, nimble flight
a: no special abilities


You were on level 4 of the Dungeon.
You visited 1 branch of the dungeon, and saw 5 of its levels.

You collected 228 gold pieces.

Inventory:

Hand Weapons
 a - a +0 shortbow (weapon)
 q - a +2 spectral club
Armour
 c - a +0 leather armour
 e - a +2 hat (worn)
 k - a +1 chain mail (worn)
Jewellery
 f - a ring of flight
 h - a ring of protection from cold (left hand)
 p - an amulet of magic regeneration (around neck)
 v - a ring of willpower (right hand)
Wands
 j - a wand of flame (15)
Scrolls
 b - 2 scrolls of immolation
 l - a scroll of teleportation
 m - a scroll of poison
 n - 4 scrolls of identify
 r - a scroll of torment {unknown}
 s - a scroll of summoning {unknown}
Potions
 d - a potion of cancellation
 g - a potion of curing
 i - a potion of invisibility {unknown}
 o - 2 potions of brilliance
 t - a potion of flight {unknown}
 u - a potion of degeneration {unknown}


   Skills:
 + Level 4.0 Fighting
 + Level 5.8 Ranged Weapons
 + Level 4.3 Dodging
 + Level 3.8 Stealth


You had 6 spell levels left.
You didn't know any spells.
Your spell library contained the following spells:

 Spells                   Type           Power      Damage    Failure   Level
 Petrify                  Tmut/Erth      0%         N/A       100%        4
 Metabolic Englaciation   Hex/Ice        0%         N/A       100%        5
 Statue Form              Tmut/Erth      0%         N/A       100%        6


Dungeon Overview and Level Annotations

Branches:
Dungeon (5/15)
 Temple: D:4-7

Altars:

Annotations:
D:5 Dowan, Duvessa


Innate Abilities, Weirdness & Mutations

You have a beak for a mouth.
You have claws for feet.
Your magical nature lets you fly swiftly and evasively.


Message History

The gnoll hits you but does no damage.
You shoot an arrow.
The arrow hits the lemure but does no damage.
The lemure is moderately wounded.
The lemure hits you. The orc hits you but does no damage.
The gnoll hits you but does no damage. The lemure barely misses you.
The orc hits you but does no damage. The gnoll hits you but does no damage.
You are too injured to fight recklessly!
You are too injured to fight recklessly!
You are too injured to fight recklessly!
You are too injured to fight recklessly!
You are too injured to fight recklessly!
Fire: a) +0 shortbow
Press: ? - help, Q - select action, (/) - cycle Shift-Dir - straight line, f/p - lemure
Aim: a lemure (moderately wounded, 59% to hit)
You shoot an arrow. The arrow hits the lemure.
The lemure is moderately wounded.
The lemure hits you but does no damage. The orc hits you but does no damage.
The gnoll hits you but does no damage. The lemure hits you but does no damage.
The orc hits you but does no damage. The gnoll hits you with a +0 halberd.
Fire: a) +0 shortbow
Press: ? - help, Q - select action, (/) - cycle Shift-Dir - straight line, f/p - lemure
Aim: a lemure (moderately wounded, 59% to hit)
You shoot an arrow.
The arrow hits the lemure but does no damage.
The lemure is moderately wounded.
The lemure hits you but does no damage. The orc hits you with a +0 hand axe.
The gnoll hits you with a +0 halberd.
* * * LOW HITPOINT WARNING * * *
Fire: a) +0 shortbow
Press: ? - help, Q - select action, (/) - cycle Shift-Dir - straight line, f/p - lemure
Aim: a lemure (moderately wounded, 59% to hit)
You shoot an arrow. The arrow closely misses the lemure.
The lemure misses you. The orc hits you with a +0 hand axe.
* * * LOW HITPOINT WARNING * * *
The gnoll hits you with a +0 halberd.
* * * LOW HITPOINT WARNING * * *
The lemure hits you but does no damage. The orc closely misses you.
The gnoll hits you with a +0 halberd!
You die...

#.........................#
#..................#.......
#......#..#........#...##.#
#......#....####.....####.#
#......#.##.######...##....
########.##...###....##....
#.##.#...........###
#.##o####.###....### #.#@g#
#........... #.#5.#
#.....#....#
##.#..####.....#..#..
#.......##...........
#........#.#...#.....
#..........#.[.#..... #####
#.........##...#..... ##...##
#.........###........
##.....####.............##.....


You could see a lemure, a gnoll and an orc.

Vanquished Creatures
  Sigmund (D:2)
  A bullfrog (D:4)
  Jessica (D:3)
  Ijyb (D:4)
  The ghost of Athletesfoot the Ducker, a weakling DjFE (D:3)
  A gnoll (D:3)
  4 adders
  3 worms (D:3)
  2 orcs (D:3)
  6 bats
  9 endoplasms
  4 giant cockroaches
  8 hobgoblins
  4 quokkas
  10 ball pythons
  5 frilled lizards
  7 goblins
  11 kobolds
  7 rats
86 creatures vanquished.

Notes
Turn   | Place    | Note
-------+----------+-------------------------------------------
     0 | D:1      | ChiefBigBeans the Tengu Hunter began the quest for the Orb.
     0 | D:1      | Reached XP level 1. HP: 12/12 MP: 2/2
    93 | D:1      | Reached XP level 2. HP: 17/17 MP: 3/3
   343 | D:1      | Reached XP level 3. HP: 22/22 MP: 4/4
   927 | D:2      | Found a faded altar of an unknown god.
   971 | D:2      | Noticed Sigmund
   984 | D:2      | Killed Sigmund
   985 | D:2      | Reached skill level 5 in Ranged Weapons
   985 | D:2      | Reached XP level 4. HP: 14/28 MP: 5/5
   985 | D:2      | Gained mutation: Your magical nature lets you fly swiftly
                  | and evasively. [Tengu growth]
   985 | D:2      | Reached XP level 5. HP: 16/32 MP: 6/6
  1397 | D:3      | Reached XP level 6. HP: 34/37 MP: 7/7
  1537 | D:3      | Noticed Jessica
  1540 | D:3      | Killed Jessica
  1764 | D:3      | Found a runed translucent door.
  1764 | D:3      | Noticed Athletesfoot's ghost (weakling DjFE)
  1777 | D:3      | Killed Athletesfoot's ghost
  2101 | D:4      | Noticed Ijyb
  2112 | D:4      | Killed Ijyb
  2495 | D:4      | Reached XP level 7. HP: 43/43 MP: 8/8
  2526 | D:4      | Identified the +0 spear of Evisceration {spect, *Noise rF+
                  | Will+}
  2596 | D:5      | Entered Level 5 of the Dungeon
  2596 | D:5      | Noticed Dowan
  2598 | D:5      | Noticed Duvessa
  2708 | D:4      | Slain by a gnoll

Illustrated notes

Levels and vault maps discovered:
D:1:      minmay_arrival_four_loops, layout_rooms, serial_bayou_lagoon_a,
          minmay_pentomino_u2
D:2:      layout_basic, shapermc_ecumenical_altar_mp_urbaneastern, uniq_sigmund
D:3:      layout_basic, gammafunk_ghost_grave, minivault_14,
          minmay_divided_ellipse, uniq_jessica
D:4:      layout_rooms, uniq_ijyb
D:5:      layout_basic, mainiacjoe_overflow_small_starburst, uniq_duvessa,
          uniq_pikel

Skill      XL: |  1  2  3  4  5  6 |
---------------+-------------------+-----
Stealth        | 3 |  3.8
Fighting       | 3 4 |  4.0
Ranged Weapons | 5 |  5.8
Dodging        | 3 4 |  4.3

Action                     |  1- 3 |  4- 6 |  7- 9 || total
---------------------------+-------+-------+-------++-------
   Fire: Shortbow          |   103 |   136 |     7 ||   246
    Use: Scroll            |     1 |     4 |       ||     5
         Potion            |       |     4 |       ||     4
 Armour: Leather armour    |    12 |       |       ||    12
         Chain mail        |    14 |    58 |    20 ||    92
  Dodge: Dodged            |    23 |    34 |    12 ||    69
